 Dungeon Crawl Stone Soup version 0.31-a0-182-gc5ef74bbde (webtiles) character file.

Game seed: 3668126849851453347

204 esteth the Magician (level 5, -1/38 HPs)
             Began as a Gnoll Hedge Wizard on June 20, 2023.
             Slain by a scorpion (3 damage)
             ... on level 5 of the Dungeon.
             The game lasted 00:07:44 (3415 turns).

esteth the Magician (Gnoll Hedge Wizard)            Turns: 3415, Time: 00:07:44

Health: -1/38      AC:  4    Str:  9    XL:     5   Next: 82%
Magic:  11/14      EV: 12    Int: 16    God:
Gold:   176        SH:  0    Dex: 11    Spells: 12/18 levels left

rFire   . . .        a - +0 dagger
rCold   . . .        (no shield)
rNeg    . . .        r - +0 leather armour
rPois   .            c - +0 hat
rElec   .            i - +0 cloak
rCorr   .            (no gloves)
SInv    .            (no boots)
Will    .....        h - amulet of magic regeneration
Stlth   +            (no ring)
HPRegen 0.26/turn    (no ring)
MPRegen 0.54/turn

%: no passive effects
@: lethally poisoned (-1 -> -12), silenced, very slightly contaminated
A: fangs 1, strong nose, distributed training, claws 1, hooves 1, inability to
read after injury 1
a: no special abilities


You were on level 5 of the Dungeon.
You visited 1 branch of the dungeon, and saw 5 of its levels.

You collected 176 gold pieces.


Innate Abilities, Weirdness & Mutations

You have very sharp teeth.
Your uncanny sense of smell can sniff out nearby items.
Your experience applies equally to all skills.
You have sharp fingernails.
You have large cloven feet.
You occasionally lose the ability to read scrolls when taking damage.


   Skills:
 + Level 1.7 Fighting
 + Level 1.7 Short Blades
 + Level 1.7 Long Blades
 + Level 1.7 Axes
 + Level 1.7 Maces & Flails
 + Level 1.7 Polearms
 + Level 1.7 Staves
 + Level 1.7 Ranged Weapons
 + Level 1.7 Throwing
 + Level 1.7 Armour
 + Level 4.9 Dodging
 + Level 4.5 Stealth
 + Level 1.7 Shields
 + Level 1.7 Unarmed Combat
 + Level 7.3 Spellcasting
 + Level 2.5 Conjurations
 + Level 1.3 Hexes
 + Level 2.5 Summonings
 + Level 1.3 Necromancy
 + Level 2.5 Translocations
 + Level 1.3 Transmutations
 + Level 1.3 Fire Magic
 + Level 1.3 Ice Magic
 + Level 1.3 Air Magic
 + Level 1.3 Earth Magic
 + Level 1.3 Poison Magic
 + Level 2.0 Invocations
 + Level 1.7 Evocations


You had 12 spell levels left.
You knew the following spells:

 Your Spells              Type           Power      Damage    Failure   Level
c - Call Imp              Summ           28%        N/A       9%          2
m - Magic Dart            Conj           56%        1d5       6%          1
M - Mephitic Cloud        Conj/Pois/Air  11%        N/A       24%         3

Your spell library contained the following spells:

 Spells                   Type           Power      Damage    Failure   Level
 Blink                    Tloc           28%        N/A       9%          2
 Searing Ray              Conj           28%        2d5       9%          2
 Beastly Appendage        Tmut           20%        N/A       10%         1
 Slow                     Hex            40%        N/A       10%         1
 Cigotuvi's Dreadful Rot  Necr/Pois/Air  20%        N/A       14%         2
 Wereblood                Tmut           10%        N/A       14%         2
 Stone Arrow              Conj/Erth      24%        3d8       22%         3
 Spider Form              Tmut/Pois      10%        N/A       28%         3
 Animate Armour           Summ/Erth      24%        N/A       58%         4
 Fulminant Prism          Conj/Hex       6%         3d7       58%         4
 Lehudib's Crystal Spear  Conj/Erth      6%         10d3      100%        8

Inventory:

Hand Weapons
 a - a +0 dagger (weapon)
Missiles
 e - 26 stones
 t - 3 poisoned darts
Armour
 b - a +0 robe
 c - a +0 hat (worn)
 f - a +0 ring mail
   (You found it on level 1 of the Dungeon)
 i - a +0 cloak (worn)
   (You found it on level 1 of the Dungeon)
 j - a +0 ring mail
   (You found it on level 2 of the Dungeon)
 k - a +0 ring mail
   (You found it on level 1 of the Dungeon)
 m - a +0 ring mail
   (You found it on level 3 of the Dungeon)
 n - a +0 ring mail
   (You found it on level 2 of the Dungeon)
 q - a +0 scale mail
   (You found it on level 4 of the Dungeon)
 r - a +0 leather armour (worn)
   (You found it on level 4 of the Dungeon)
 v - a +0 ring mail
   (You took it off an orc on level 4 of the Dungeon)
Jewellery
 h - an amulet of magic regeneration (around neck)
   (You found it on level 1 of the Dungeon)
 C - a ring of ice
   (You found it on level 4 of the Dungeon)
Scrolls
 g - a scroll of enchant weapon {unknown}
 o - a scroll of silence {!r}
 p - a scroll of teleportation {@r4}
 s - a scroll of vulnerability {unknown}
 u - a scroll of identify {@r1}
 w - a scroll of immolation {unknown}
 x - a scroll of torment {unknown}
Potions
 d - a potion of magic

Dungeon Overview and Level Annotations

Branches:
Dungeon (5/15) Zot: 26586
 Temple: D:4-7

Altars:

#.......# #.......##
#........# #........#
#........# #........#
#........#
###########s..........
#........5@...########
#.############# #.#
#<......# #.#
#######.# #.# #.# #.#
#.# #.#########.#
#...........#
#.#########.#


You could see a scorpion (ally target) and a friendly cerulean imp (summoned).


Message History

The magic dart hits the scorpion but does no damage. 😎 MP[-1]
You lost 1 mp, and now have 13/14 mp.
Casting: Magic Dart (safe; 6% risk of failure)
Confirm with . or Enter, or press ? or * to list all spells.
The spell is quite dangerous to miscast (24% risk of failure)!
Continue anyway?
Aiming: Mephitic Cloud (quite dangerous; 24% risk of failure)
Press: ? - help, Shift-Dir - straight line, f/p - scorpion
Aim: a scorpion (chance to affect: 81%)
You miscast Mephitic Cloud.
You are very lightly contaminated with residual magic.
Nothing appears to happen. 😎 MP[-2]
You lost 2 mp, and now have 11/14 mp.
Casting: Mephitic Cloud (quite dangerous; 24% risk of failure)
Confirm with . or Enter, or press ? or * to list all spells.
The spell is quite dangerous to miscast (24% risk of failure)!
Continue anyway?
Aiming: Mephitic Cloud (quite dangerous; 24% risk of failure)
Press: ? - help, Shift-Dir - straight line, f/p - scorpion
Aim: a scorpion (chance to affect: 81%)
The ball explodes into a vile cloud!
The stinking cloud engulfs the scorpion but does no damage.
You hear an angry hiss.
The scorpion is engulfed in noxious fumes. 😎 MP[-3]
You lost 3 mp, and now have 8/14 mp. 😎 MP[+1]
The scorpion attacks as you move away! The scorpion stings you.
You are poisoned.
The scorpion poisons you!
You feel very sick. 😕 HP[-5] MP[+1]
You take 5 damage, and now have 33/38 hp.
It was a potion of mutation.
You feel extremely strange.
You occasionally lose the ability to drink potions when taking damage.
You feel resistant to poisons.
You feel sick.
The scorpion closely misses you. 😕 HP[-2]
You take 2 damage, and now have 31/38 hp.
The scorpion attacks as you move away! The scorpion closely misses you.
You feel sick. 😕 HP[-1] MP[+1]
You take 1 damage, and now have 30/38 hp.
You feel sick. 😮 HP[-2] MP[+1]
You take 2 damage, and now have 28/38 hp.
You feel sick.
The scorpion closely misses you. 😮 HP[-1]
You take 1 damage, and now have 27/38 hp.
Sorry, you're not good enough to have a special ability.
Okay, then.
Unknown command.
Casting: Mephitic Cloud (quite dangerous; 24% risk of failure)
Confirm with . or Enter, or press ? or * to list all spells.
You miscast Call Imp.
Nothing appears to happen.
You feel sick.
The scorpion stings you. 😮 HP[-5] MP[-1]
You take 5 damage, and now have 22/38 hp.
You lost 1 mp, and now have 11/14 mp.
Casting: Call Imp (safe; 9% risk of failure)
Confirm with . or Enter, or press ? or * to list all spells.
A tiny devil pulls itself out of the air.
You feel sick. The scorpion stings you.
* * * LOW HITPOINT WARNING * * *
You are more poisoned.
The scorpion poisons you! 😨 HP[-4] MP[-2]
You take 4 damage, and now have 18/38 hp.
You lost 2 mp, and now have 9/14 mp.
The scorpion attacks as you move away! The scorpion stings you.
* * * LOW HITPOINT WARNING * * *
You are lethally poisoned!
The scorpion poisons you!
* * * LOW HITPOINT WARNING * * *
You feel very sick.
Your cerulean imp closely misses the scorpion. 😨 HP[-8] MP[+1]
You take 8 damage, and now have 10/38 hp.
MASSIVE DAMAGE!! (PAUSE) Really quaff
l - a potion of mutation {!q}?
Really quaff the potion of mutation?
Uppercase [Y]es or [N]o only, please.
Really quaff the potion of mutation?
You feel extremely strange.
You feel less resistant to poisons.
You no longer become unable to drink potions after taking damage.
You occasionally lose the ability to read scrolls when taking damage.
Your fingernails lengthen.
Your feet thicken and deform.
* * * LOW HITPOINT WARNING * * *
You feel very sick. The scorpion closely misses you.
Your cerulean imp hits the scorpion but does no damage. 😱 HP[-4]
You take 4 damage, and now have 6/38 hp.
As you read the scroll labelled HOLYANW RUYKYU, it crumbles to dust.
A profound silence engulfs you.
It was a scroll of silence.
* * * LOW HITPOINT WARNING * * *
You feel very sick. The scorpion stings you.
You die...

Skill      XL: |  1  2  3  4  5 |
---------------+----------------+-----
Conjurations   | 2 |  2.5
Summonings     | 2 |  2.5
Translocations | 2 |  2.5
Invocations    | 1 2 |  2.0
Fighting       | 1 |  1.7
Short Blades   | 1 |  1.7
Long Blades    | 1 |  1.7
Axes           | 1 |  1.7
Maces & Flails | 1 |  1.7
Polearms       | 1 |  1.7
Staves         | 1 |  1.7
Ranged Weapons | 1 |  1.7
Throwing       | 1 |  1.7
Armour         | 1 |  1.7
Shields        | 1 |  1.7
Unarmed Combat | 1 |  1.7
Evocations     | 1 |  1.7
Hexes          | 1 |  1.3
Necromancy     | 1 |  1.3
Transmutations | 1 |  1.3
Fire Magic     | 1 |  1.3
Ice Magic      | 1 |  1.3
Air Magic      | 1 |  1.3
Earth Magic    | 1 |  1.3
Poison Magic   | 1 |  1.3
Dodging        | |  4.9
Stealth        | |  4.5
Spellcasting   | |  7.3

Action                     |  1- 3 |  4- 6 || total
---------------------------+-------+-------++-------
  Melee: Dagger            |    14 |       ||    14
         Bite              |     2 |       ||     2
   Cast: Magic Dart        |    92 |    92 ||   184
         Mephitic Cloud    |     1 |     4 ||     5
         Call Imp          |       |     5 ||     5
    Use: Scroll            |     2 |     2 ||     4
         Potion            |       |     2 ||     2
 Armour: Robe              |    13 |       ||    13
         Leather armour    |       |     2 ||     2
  Dodge: Dodged            |    22 |    17 ||    39

Levels and vault maps discovered:
D:1:      erik_arrival_orb_chamber, layout_basic
D:2:      layout_loops_ring, minmay_worlds_worst_comb
D:3:      layout_basic
D:4:      layout_gridville, minmay_misc_feat_ornament, minmay_diced_spiral
D:5:      layout_basic, minmay_temple_entry_arrows

Notes
Turn   | Place    | Note
-------+----------+-------------------------------------------
     0 | D:1      | esteth the Gnoll Hedge Wizard began the quest for the Orb.
     0 | D:1      | Reached XP level 1. HP: 13/13 MP: 8/8
     0 | D:1      | magus.rc [v1.11.3]
    39 | D:1      | Reached skill level 2 in Conjurations
    39 | D:1      | Reached skill level 2 in Summonings
    39 | D:1      | Reached skill level 2 in Translocations
    39 | D:1      | Reached XP level 2. HP: 20/20 MP: 2/10
   412 | D:1      | Reached XP level 3. HP: 25/25 MP: 9/11
   880 | D:2      | Reached skill level 1 in Invocations
   972 | D:2      | Learned a level 2 spell: Call Imp
   976 | D:2      | Learned a level 3 spell: Mephitic Cloud
  1034 | D:2      | Reached skill level 1 in Fighting
  1034 | D:2      | Reached skill level 1 in Short Blades
  1034 | D:2      | Reached skill level 1 in Long Blades
  1034 | D:2      | Reached skill level 1 in Axes
  1034 | D:2      | Reached skill level 1 in Maces & Flails
  1034 | D:2      | Reached skill level 1 in Polearms
  1034 | D:2      | Reached skill level 1 in Staves
  1034 | D:2      | Reached skill level 1 in Ranged Weapons
  1034 | D:2      | Reached skill level 1 in Throwing
  1034 | D:2      | Reached skill level 1 in Armour
  1034 | D:2      | Reached skill level 1 in Shields
  1034 | D:2      | Reached skill level 1 in Unarmed Combat
  1034 | D:2      | Reached skill level 1 in Evocations
  1121 | D:2      | Reached XP level 4. HP: 32/32 MP: 9/13
  1124 | D:2      | You pick up a book of Conjurations and begin reading...
  1124 | D:2      | You add the spells Searing Ray and Fulminant Prism to your
                  | library.
  1201 | D:2      | Reached skill level 1 in Hexes
  1201 | D:2      | Reached skill level 1 in Necromancy
  1201 | D:2      | Reached skill level 1 in Transmutations
  1201 | D:2      | Reached skill level 1 in Fire Magic
  1201 | D:2      | Reached skill level 1 in Ice Magic
  1201 | D:2      | Reached skill level 1 in Air Magic
  1201 | D:2      | Reached skill level 1 in Earth Magic
  1201 | D:2      | Reached skill level 1 in Poison Magic
  1758 | D:3      | Reached XP level 5. HP: 37/37 MP: 12/14
  1767 | D:3      | You pick up a book of Armaments and begin reading...
  1767 | D:3      | You add the spells Stone Arrow, Animate Armour and
                  | Lehudib's Crystal Spear to your library.
  2924 | D:4      | You pick up a book of Changes and begin reading...
  2924 | D:4      | You add the spells Beastly Appendage, Wereblood and Spider
                  | Form to your library.
  3176 | D:4      | Reached skill level 2 in Invocations
  3355 | D:5      | Entered Level 5 of the Dungeon
  3407 | D:5      | Gained mutation: You occasionally lose the ability to drink
                  | potions when taking damage. [potion of mutation]
  3407 | D:5      | Gained mutation: Your system is resistant to poisons.
                  | (rPois) [potion of mutation]
  3414 | D:5      | Lost mutation: Your system is resistant to poisons. (rPois)
                  | [potion of mutation]
  3414 | D:5      | Lost mutation: You occasionally lose the ability to drink
                  | potions when taking damage. [potion of mutation]
  3414 | D:5      | Gained mutation: You occasionally lose the ability to read
                  | scrolls when taking damage. [potion of mutation]
  3414 | D:5      | Gained mutation: You have sharp fingernails. [potion of
                  | mutation]
  3414 | D:5      | Gained mutation: You have large cloven feet. [potion of
                  | mutation]
  3414 | D:5      | HP: 6/38 [poisoned by a scorpion]
  3415 | D:5      | HP: 2/38 [poisoned by a scorpion]
  3415 | D:5      | Slain by a scorpion

Vanquished Creatures
  A scorpion (D:4)
  3 gnolls
  3 adders (D:2)
  2 worms (D:2)
  3 dart slugs
  2 orcs (D:4)
  5 endoplasms
  4 giant cockroaches
  2 hobgoblins (D:3)
  5 kobolds
  A quokka (D:2)
  6 ball pythons
  7 bats
  4 frilled lizards (D:2)
  7 goblins
  10 rats
65 creatures vanquished.

Vanquished Creatures (collateral kills)
  A gnoll (D:2)
  A giant cockroach (D:4)
2 creatures vanquished.

Grand Total: 67 creatures vanquished

Table legend:
 A = Non-vault XP
 B = Vault XP
 C = Vault XP percentage of total XP
 D = Non-vault monster count
 E = Vault monster count
 F = Vault count percentage of total count
                 A         B        C        D         E       F
            +---------+---------+-------+---------+---------+-------
      Total |     193 |      99 |  33.9 |      61 |       6 |   9.0
            +---------+---------+-------+---------+---------+-------
        D:1 |      43 |       0 |   0.0 |      22 |       0 |   0.0
        D:2 |     114 |       4 |   3.4 |      23 |       2 |   8.0
        D:3 |      19 |       0 |   0.0 |      10 |       0 |   0.0
        D:4 |      17 |      95 |  84.8 |       6 |       4 |  40.0
            +---------+---------+-------+---------+---------+-------

Skill      XL: |  1  2  3  4  5 |
---------------+----------------+-----
Conjurations   | 2 |  2.5
Summonings     | 2 |  2.5
Translocations | 2 |  2.5
Invocations    | 1 2 |  2.0
Fighting       | 1 |  1.7
Short Blades   | 1 |  1.7
Long Blades    | 1 |  1.7
Axes           | 1 |  1.7
Maces & Flails | 1 |  1.7
Polearms       | 1 |  1.7
Staves         | 1 |  1.7
Ranged Weapons | 1 |  1.7
Throwing       | 1 |  1.7
Armour         | 1 |  1.7
Shields        | 1 |  1.7
Unarmed Combat | 1 |  1.7
Evocations     | 1 |  1.7
Hexes          | 1 |  1.3
Necromancy     | 1 |  1.3
Transmutations | 1 |  1.3
Fire Magic     | 1 |  1.3
Ice Magic      | 1 |  1.3
Air Magic      | 1 |  1.3
Earth Magic    | 1 |  1.3
Poison Magic   | 1 |  1.3
Dodging        | |  4.9
Stealth        | |  4.5
Spellcasting   | |  7.3

Action                     |  1- 3 |  4- 6 || total
---------------------------+-------+-------++-------
  Melee: Dagger            |    14 |       ||    14
         Bite              |     2 |       ||     2
   Cast: Magic Dart        |    92 |    92 ||   184
         Mephitic Cloud    |     1 |     4 ||     5
         Call Imp          |       |     5 ||     5
    Use: Scroll            |     2 |     2 ||     4
         Potion            |       |     2 ||     2
 Armour: Robe              |    13 |       ||    13
         Leather armour    |       |     2 ||     2
  Dodge: Dodged            |    22 |    17 ||    39

Illustrated notes

Table legend:
 A = Kills in this place as a percentage of kills in the entire game.
 B = Kills by you in this place as a percentage of kills by you in the entire game.
 C = Kills by friends in this place as a percentage of kills by friends in the entire game.
 D = Other kills in this place as a percentage of other kills in the entire game.
 E = Experience gained in this place as a percentage of experience gained in the entire game.
 F = Experience gained in this place divided by the number of levels of this place that you have seen.
                   A       B       C       D       E      F
               +-------+-------+-------+-------+-------+----------------------
         Total | 100.0 | 100.0 | 100.0 |   N/A | 100.0 |  58.4
       Dungeon | 100.0 | 100.0 | 100.0 |   N/A | 100.0 |  58.4
               +-------+-------+-------+-------+-------+----------------------

Table legend: (Time is in decaauts)
 A = Elapsed time spent in this place.
 B = Non-inter-level travel time spent in this place.
 C = Inter-level travel time spent in this place.
 D = Time resting spent in this place.
 E = Time spent auto-exploring this place.
 F = Levels seen in this place.
 G = Mean time per level.
                   A        B        C        D        E       F      G
               +--------+--------+--------+--------+--------+-----+--------+
         Total |   3412 |   3292 |    120 |     70 |   2780 |   5 |  682.4 |
       Dungeon |   3412 |   3292 |    120 |     70 |   2780 |   5 |  682.4 |
               +--------+--------+--------+--------+--------+-----+--------+

Top non-repeatable levels by time:
     D:3: 884 daAuts
     D:2: 848 daAuts
     D:4: 811 daAuts
     D:1: 807 daAuts
     D:5: 59 daAuts
